 Dungeon Crawl Stone Soup version 0.31-a0-1321-g5021b54cb2 (webtiles) character file.

Game seed: 2202309411542065629

32485 Rennog the Protected (level 13, -1/101 HPs)
             Began as a Gnoll Wanderer on Dec 21, 2023.
             Was a Believer of Makhleb.
             Killed from afar by a deep elf pyromancer (37 damage)
             ... with a bolt of fire
             ... on level 10 of the Dungeon.
             The game lasted 00:44:34 (18001 turns).

Rennog the Protected (Gnoll Wanderer)              Turns: 18001, Time: 00:44:34

Health: -1/101     AC: 14    Str: 16    XL:     13   Next: 64%
Magic:  26/26      EV: 11    Int: 17    God:    Makhleb [**....]
Gold:   1450       SH:  0    Dex: 12    Spells: 30/30 levels left

rFire   . . .        t - +8 mace of Zaff {pain, Will+ Int+5}
rCold   . . .        (no shield)
rNeg    . . .        r - +1 chain mail of the Great Game {rElec rPois Regen+ rCorr}
rPois   +            (no helmet)
rElec   +            e - scarf {repulsion}
rCorr   +            v - +0 pair of gloves
SInv    .            (no boots)
Will    +....        L - amulet of the acrobat
Stlth   +            P - +4 ring of slaying
HPRegen 1.16/turn    (no ring)
MPRegen 0.20/turn

%: repel missiles, acrobat
@: studying Throwing
A: fangs 1, strong nose, distributed training
a: Renounce Religion, Minor Destruction


You were on level 10 of the Dungeon.
You worshipped Makhleb.
Makhleb was pleased with you.
You visited 3 branches of the dungeon, and saw 18 of its levels.
You also visited: Sewer.

You collected 1450 gold pieces.

Inventory:

Hand Weapons
 a - a +0 falchion
 t - the +8 mace of Zaff (weapon) {pain, Will+ Int+5}
   (You found it on level 4 of the Dungeon)

   Int+5:     It affects your intelligence (+5).
   Will+:     It increases your willpower.
 B - a +1 long sword of electrocution
 R - a +2 long sword of holy wrath
Missiles
 y - a throwing net
Armour
 b - a +2 scale mail
 e - a scarf of repulsion (worn)
 g - a +0 chain mail
 r - the +1 chain mail of the Great Game (worn) {rElec rPois Regen+ rCorr}
   (You found it on level 3 of the Dungeon)

   rElec:     It insulates you from electricity.
   rPois:     It protects you from poison Regen+: It increases your rate of
   health regeneration.
   rCorr:     It protects you from acid and corrosion.
 v - a +0 pair of gloves (worn)
 U - a +0 pair of boots
Jewellery
 D - a ring of wizardry
 L - an amulet of the acrobat (around neck)
 P - a +4 ring of slaying (left hand)
 Q - a ring of ice
 S - a +6 ring of intelligence
 V - an amulet of faith
 W - an amulet of magic regeneration
Wands
 x - a wand of paralysis (12)
 E - a wand of mindburst (15)
 H - a wand of digging (1)
 N - a wand of flame (20)
 T - a wand of light (17)
Scrolls
 d - 3 scrolls of blinking
 f - 3 scrolls of immolation
 i - 3 scrolls of teleportation
 j - a scroll of poison
 l - 4 scrolls of enchant armour
 n - 2 scrolls of fear
 p - a scroll of amnesia
 u - 4 scrolls of vulnerability
 C - a scroll of fog
 G - a scroll of noise
 I - 2 scrolls of revelation
 K - a scroll of silence
 O - 2 scrolls of torment {unknown}
Potions
 c - 2 potions of resistance {unknown}
 h - 3 potions of ambrosia
 k - 4 potions of heal wounds
 m - 3 potions of curing {unknown}
 o - 4 potions of mutation {unknown}
 q - 3 potions of attraction {unknown}
 s - 2 potions of berserk rage {unknown}
 w - 2 potions of might {unknown}
 z - 2 potions of brilliance {unknown}
 A - 2 potions of magic {unknown}
 F - a potion of cancellation {unknown}
 J - a potion of haste {unknown}
 M - 2 potions of lignification


   Skills:
 + Level 9.2 Fighting
 + Level 8.8 Short Blades
 + Level 11.0 Long Blades
 + Level 8.8 Axes
 + Level 8.8 Maces & Flails
 + Level 8.8 Polearms
 + Level 8.8 Staves
 + Level 8.8 Ranged Weapons
 + Level 10.0 Throwing
 + Level 11.0 Armour
 + Level 9.2 Dodging
 + Level 8.8 Stealth
 + Level 8.8 Shields
 + Level 8.8 Unarmed Combat
 + Level 9.3 Spellcasting
 + Level 7.3 Conjurations
 + Level 7.3 Hexes
 + Level 7.3 Summonings
 + Level 7.3 Necromancy
 + Level 7.3 Translocations
 + Level 7.3 Fire Magic
 + Level 7.3 Ice Magic
 + Level 7.3 Air Magic
 + Level 7.3 Earth Magic
 + Level 7.3 Alchemy
 + Level 9.6 Invocations
 + Level 9.2 Evocations
 + Level 8.0 Shapeshifting


You had 30 spell levels left.
You didn't know any spells.
Your spell library contained the following spells:

 Spells                   Type           Power      Damage    Failure   Level
 Magic Dart               Conj           100%       1d8       3%          1
 Shock                    Conj/Air       100%       1d9       3%          1
 Sting                    Conj/Alch      100%       1d9       3%          1
 Mercury Vapours          Alch/Air       64%        N/A       4%          2
 Dazzling Flash           Conj/Hex       64%        N/A       10%         3
 Mephitic Cloud           Conj/Alch/Air  32%        N/A       10%         3
 Swiftness                Air            32%        N/A       10%         3
 Tukima's Dance           Hex            32%        N/A       10%         3
 Airstrike                Air            16%        2d(3-19)  32%         4
 Dimensional Bullseye     Hex/Tloc       16%        N/A       32%         4
 Fulminant Prism          Conj/Alch      16%        3d11      32%         4
 Iskenderun's Mystic Bla  Conj/Tloc      32%        2d8       32%         4
 Olgreb's Toxic Radiance  Alch           32%        N/A       32%         4
 Agony                    Necr           32%        N/A       67%         5
 Silence                  Hex/Air        16%        N/A       67%         5
 Starburst                Conj/Fire      16%        6d6       99%         6
 Malign Gateway           Summ/Tloc      16%        N/A       100%        7
 Summon Horrible Things   Summ           16%        N/A       100%        8
 Chain Lightning          Conj/Air       16%        3d21      100%        9


Dungeon Overview and Level Annotations

Branches:
Dungeon (15/15)            Temple (1/1) D:4             Orc (2/2) D:12
    Elf (0/3) Orc:2         Sewer (visited)
   Lair: D:8-11      Vaults: D:13-14     Depths: D:15

Altars:
Ashenzari
Cheibriados
Dithmenos
Elyvilon
Fedhas
Gozag
Hepliaklqana
Kikubaaqudgha
Makhleb
Nemelex Xobeh
Okawaru
Qazlal
Ru
Sif Muna
Trog
Uskayaw
Vehumet
Wu Jian
Xom
Yredelemnul
Zin
The Shining One

Annotations:
D:9 1 transporter, Beryl's ghost, novice DECj; Jeremiah
D:10 Urug
Orc:2 3 runed translucent doors, Sabo's ghost, journeyman GrMo


Innate Abilities, Weirdness & Mutations

You have very sharp teeth.
Your uncanny sense of smell can sniff out nearby items.
Your experience applies equally to all skills.


Message History

Unknown command.
You miss the deep elf pyromancer.
The deep elf pyromancer is heavily wounded.
The deep elf pyromancer closely misses you.
You closely miss the deep elf pyromancer.
The deep elf pyromancer is heavily wounded.
The deep elf pyromancer hits you with the +3 Elemental Staff {ele, rElec rF+ rC+ AC+3}.
Unknown command.
You sock the deep elf pyromancer!
You punch the deep elf pyromancer, but do no damage.
You bite the deep elf pyromancer, but do no damage.
The deep elf pyromancer is severely wounded.
The deep elf pyromancer misses you.
You closely miss the deep elf pyromancer.
The deep elf pyromancer is severely wounded.
The deep elf pyromancer hits you with the +3 Elemental Staff {ele, rElec rF+ rC+ AC+3}!
The deep elf pyromancer crushes you!
Unknown command.
You hit the deep elf pyromancer but do no damage.
The deep elf pyromancer is severely wounded.
The deep elf pyromancer hits you but does no damage.
The deep elf pyromancer burns you!
You thump the deep elf pyromancer!
The deep elf pyromancer writhes in agony.
The deep elf pyromancer is almost dead.
The deep elf pyromancer hits you with the +3 Elemental Staff {ele, rElec rF+ rC+ AC+3}.
You thump the deep elf pyromancer!
Elyvilon heals the deep elf pyromancer!
Your bite misses the deep elf pyromancer.
The deep elf pyromancer is heavily wounded.
The deep elf pyromancer completely misses you.
Elyvilon blocks your attack.
The deep elf pyromancer hits you but does no damage.
The deep elf pyromancer burns you!!
You sock the deep elf pyromancer!
The deep elf pyromancer writhes in agony.
The deep elf pyromancer is severely wounded.
The deep elf pyromancer casts a spell at you.
The bolt of fire hits you!!!
You die...

.....# #..§..##...##...######
.....># ##...####..##.........
.....+# .##.##..#'>##...##....
...##. .k###....####...##.... ∆
##.. ..###.....##.......... ####
###k. .##.##....###.>.......
...###≈##. #+...'#..##≈##..##...#
...##≈≈≈####.....####§≈≈##.##...#
..##≈≈☼≈≈##.....@.##§≈☼≈≈##......
...##≈≈≈ ###....e####≈≈≈##.##....
...###≈ ..#+...'#..##§##..##....
...#.## ...##.##...e###...#.....
...#..# ....###.....###...###+##
...#'####....###....##.#...##....
.......>'# .##.##..#'..#.........
.......#.# #...####>..#.........
...)...#.###..§..##.○..#...##....


You could see a deep elf pyromancer.

Vanquished Creatures
  A hydra (D:14)
  7 two-headed ogres
  4 boulder beetles
  3 centaur warriors
  An orc high priest (Orc:1)
  Sonja (D:11)
  2 ugly things
  3 deep elf pyromancers
  2 orc sorcerers
  3 cyclopes
  3 manticores
  Maurice (D:11)
  3 kobold blastminers (Orc:2)
  A gargoyle (D:10)
  A kobold demonologist (D:10)
  Maggie (D:7)
  An unseen horror (D:11)
  A komodo dragon (D:11)
  2 rime drakes (D:10)
  An ice devil (D:10)
  A queen bee (D:9)
  4 trolls
  A wolf spider simulacrum (D:14)
  A meliai (shapeshifter) (D:14)
  3 slime creatures (D:12)
  2 wraiths (D:11)
  A shadow (D:9)
  A wyvern (shapeshifter) (D:7)
  14 yaks
  A vampire (D:10)
  A wyvern (D:9)
  8 vampire mosquitoes
  A fire elemental (D:10)
  2 wargs
  4 steam dragons
  2 water moccasins
  An ice beast (D:8)
  2 sky beasts
  21 orc warriors
  2 black bears
  7 ogres
  12 centaurs
  2 phantoms (D:6)
  Blork the orc (D:6)
  A kobold brigand (Sewer)
  2 bullfrogs
  A water moccasin zombie (D:6)
  A gnoll sergeant (D:8)
  A scorpion (D:6)
  3 wights (D:10)
  22 killer bees
  2 howler monkeys
  12 orc priests
  3 bullfrog zombies (D:6)
  4 hounds
  A gnoll bouda (D:5)
  2 iguanas
  2 sleepcaps
  14 orc wizards
  A killer bee zombie (D:6)
  A howler monkey zombie (D:6)
  12 gnolls
  A river rat (D:5)
  10 adders
  A white imp (D:5)
  2 ufetubi (D:7)
  4 worms
  A dart slug (D:2)
  54 orcs
  5 endoplasms
  7 giant cockroaches
  11 goblins
  11 hobgoblins
  6 jackals
  3 quokkas
  7 ball pythons
  4 bats
  5 frilled lizards
  18 kobolds
  17 rats
389 creatures vanquished.

Vanquished Creatures (others)
  An ugly thing (D:14)
1 creature vanquished.

Grand Total: 390 creatures vanquished

Notes
Turn   | Place    | Note
-------+----------+-------------------------------------------
     0 | D:1      | Rennog the Gnoll Wanderer began the quest for the Orb.
     0 | D:1      | Rennog set off with the following items: a +0 falchion, a
                  | +2 scale mail, a potion of lignification, a scroll of
                  | blinking.
     0 | D:1      | Reached XP level 1. HP: 17/17 MP: 4/4
   111 | D:1      | Reached XP level 2. HP: 23/23 MP: 5/5
   876 | D:2      | Reached XP level 3. HP: 28/28 MP: 7/7
   969 | D:2      | Reached skill level 1 in Invocations
  1088 | D:2      | Reached skill level 1 in Short Blades
  1088 | D:2      | Reached skill level 1 in Axes
  1088 | D:2      | Reached skill level 1 in Maces & Flails
  1088 | D:2      | Reached skill level 1 in Polearms
  1088 | D:2      | Reached skill level 1 in Staves
  1088 | D:2      | Reached skill level 1 in Ranged Weapons
  1088 | D:2      | Reached skill level 1 in Throwing
  1088 | D:2      | Reached skill level 1 in Stealth
  1088 | D:2      | Reached skill level 1 in Shields
  1088 | D:2      | Reached skill level 1 in Unarmed Combat
  1217 | D:2      | Reached skill level 1 in Shapeshifting
  1217 | D:2      | Reached XP level 4. HP: 34/34 MP: 8/8
  1689 | D:2      | Reached skill level 1 in Conjurations
  1689 | D:2      | Reached skill level 1 in Hexes
  1689 | D:2      | Reached skill level 1 in Summonings
  1689 | D:2      | Reached skill level 1 in Necromancy
  1689 | D:2      | Reached skill level 1 in Translocations
  1689 | D:2      | Reached skill level 1 in Fire Magic
  1689 | D:2      | Reached skill level 1 in Ice Magic
  1689 | D:2      | Reached skill level 1 in Air Magic
  1689 | D:2      | Reached skill level 1 in Earth Magic
  1689 | D:2      | Reached skill level 1 in Alchemy
  1933 | D:3      | Reached XP level 5. HP: 31/40 MP: 9/9
  2022 | D:3      | Found a blossoming altar of Fedhas.
  2025 | D:3      | Found a burning altar of Makhleb.
  2028 | D:3      | Identified the +1 chain mail of the Great Game {rElec rPois
                  | Regen+ rCorr}
  2043 | D:3      | Found a white marble altar of Elyvilon.
  2047 | D:3      | Became a worshipper of Elyvilon the Healer
  2134 | D:3      | Found a hazy altar of Hepliaklqana.
  2146 | D:3      | Found a radiant altar of Vehumet.
  2149 | D:3      | Found a broken altar of Ashenzari.
  2286 | D:4      | Identified the +8 mace of Zaff {pain, Will+ Int+5}
  2298 | D:4      | Found a staircase to the Ecumenical Temple.
  2310 | D:4      | Noticed a black bear
  2383 | D:4      | Reached * piety under Elyvilon
  2904 | D:5      | Entered Level 5 of the Dungeon
  2904 | D:5      | Noticed an ogre
  2914 | D:5      | Killed an ogre
  2915 | D:5      | Reached XP level 6. HP: 6/47 MP: 9/11
  3011 | D:5      | Reached ** piety under Elyvilon
  3277 | D:5      | Found a glowing drain.
  3290 | Sewer    | Entered a sewer
  3457 | Sewer    | Reached XP level 7. HP: 44/52 MP: 12/12
  4132 | D:6      | Reached *** piety under Elyvilon
  4217 | D:6      | Noticed Blork the orc
  4224 | D:6      | Killed Blork the orc
  4290 | D:6      | Found a basalt altar of Yredelemnul.
  4474 | D:6      | Reached XP level 8. HP: 59/60 MP: 14/14
  4824 | D:6      | Found an opulent altar of Gozag.
  4937 | D:6      | Found a glowing silver altar of Zin.
  5338 | D:7      | Reached **** piety under Elyvilon
  5427 | D:7      | Noticed Maggie
  5453 | D:7      | Killed Maggie
  5454 | D:7      | Reached skill level 5 in Spellcasting
  5454 | D:7      | Reached XP level 9. HP: 54/67 MP: 16/16
  5596 | D:7      | Reached skill level 5 in Fighting
  5596 | D:7      | Reached skill level 5 in Dodging
  5596 | D:7      | Reached skill level 5 in Evocations
  5888 | D:8      | Reached skill level 5 in Invocations
  5991 | D:8      | Noticed a two-headed ogre
  6091 | D:8      | Noticed a skeletal warrior
  6091 | D:8      | Noticed a two-headed ogre
  6091 | D:8      | Noticed a deep elf pyromancer
  6198 | D:7      | HP: 1/68 [culicivora (shapeshifter) (19)]
  6202 | D:7      | a culicivora changed into a cane toad
  6202 | D:7      | Noticed a cane toad (shapeshifter)
  6205 | D:7      | a cane toad changed into a polar bear
  6205 | D:7      | Noticed a polar bear (shapeshifter)
  6214 | D:7      | a polar bear changed into a sky beast
  6227 | D:7      | a steam dragon changed into a hornet
  6227 | D:7      | Noticed a hornet (shapeshifter)
  6438 | D:8      | Reached skill level 5 in Short Blades
  6438 | D:8      | Reached skill level 5 in Axes
  6438 | D:8      | Reached skill level 5 in Maces & Flails
  6438 | D:8      | Reached skill level 5 in Polearms
  6438 | D:8      | Reached skill level 5 in Staves
  6438 | D:8      | Reached skill level 5 in Ranged Weapons
  6438 | D:8      | Reached skill level 5 in Throwing
  6438 | D:8      | Reached skill level 5 in Stealth
  6438 | D:8      | Reached skill level 5 in Shields
  6438 | D:8      | Reached skill level 5 in Unarmed Combat
  6438 | D:8      | Reached XP level 10. HP: 76/76 MP: 18/18
  7017 | D:9      | Noticed Beryl's ghost (novice DECj)
  7018 | D:9      | Found a transporter.
  7059 | D:9      | Reached skill level 5 in Shapeshifting
  7087 | D:9      | Noticed a two-headed ogre
  7098 | D:9      | Killed a two-headed ogre
  7753 | D:10     | Entered Level 10 of the Dungeon
  7761 | D:10     | Reached skill level 5 in Conjurations
  7761 | D:10     | Reached skill level 5 in Hexes
  7761 | D:10     | Reached skill level 5 in Summonings
  7761 | D:10     | Reached skill level 5 in Necromancy
  7761 | D:10     | Reached skill level 5 in Translocations
  7761 | D:10     | Reached skill level 5 in Fire Magic
  7761 | D:10     | Reached skill level 5 in Ice Magic
  7761 | D:10     | Reached skill level 5 in Air Magic
  7761 | D:10     | Reached skill level 5 in Earth Magic
  7761 | D:10     | Reached skill level 5 in Alchemy
  7779 | D:10     | Reached XP level 11. HP: 72/83 MP: 21/21
  7897 | D:10     | Paralysed by a chaos spawn for 1 turns
  8039 | D:11     | Noticed Sonja
  8099 | D:11     | Killed Sonja
  8179 | D:11     | Noticed a cyclops
  8200 | D:11     | Killed a cyclops
  8218 | D:11     | Noticed a seven-headed hydra
  8244 | D:12     | Noticed a boulder beetle
  8260 | D:11     | Noticed a cyan ugly thing
  8330 | D:10     | Noticed Urug
  8381 | D:11     | Noticed a cyclops
  8396 | D:11     | Killed a cyclops
  8779 | D:11     | Noticed a boulder beetle
  8856 | D:11     | Killed a boulder beetle
  9133 | D:12     | Noticed a deep elf pyromancer
  9147 | D:12     | Killed a deep elf pyromancer
  9190 | D:12     | Noticed a cyan ugly thing
  9211 | D:12     | Killed a cyan ugly thing
  9533 | D:11     | Killed a boulder beetle
  9734 | D:10     | Reached XP level 12. HP: 43/91 MP: 19/23
  9919 | D:9      | Noticed Jeremiah
 10081 | D:7      | Killed a two-headed ogre
 10091 | D:7      | HP: 4/92 [deep elf pyromancer/bolt of fire (33)]
 10197 | Temple   | Entered the Ecumenical Temple
 10312 | D:3      | Fell from the grace of Elyvilon
 10312 | D:3      | Became a worshipper of Makhleb the Destroyer
 11717 | D:10     | Noticed a two-headed ogre
 11736 | D:10     | Killed a two-headed ogre
 11965 | D:10     | Noticed a two-headed ogre
 11972 | D:10     | Killed a two-headed ogre
 11973 | D:10     | Reached skill level 10 in Long Blades
 11973 | D:10     | Reached skill level 10 in Armour
 12732 | D:12     | Noticed a boulder beetle
 12773 | D:12     | Killed a boulder beetle
 13001 | D:12     | Found a staircase to the Orcish Mines.
 13408 | D:12     | Noticed a two-headed ogre
 13415 | D:12     | Killed a two-headed ogre
 13469 | D:12     | Noticed a boulder beetle
 13503 | D:12     | Killed a boulder beetle
 13751 | D:13     | Noticed a centaur warrior
 13756 | D:13     | Noticed a centaur warrior
 13834 | Orc:1    | Entered Level 1 of the Orcish Mines
 14100 | Orc:1    | Found a dark tunnel.
 14251 | Orc:1    | Reached * piety under Makhleb
 14523 | Orc:2    | Entered Level 2 of the Orcish Mines
 14624 | Orc:2    | Found a runed translucent gate.
 14624 | Orc:2    | Found a runed translucent gate.
 14624 | Orc:2    | Found a runed translucent gate.
 14625 | Orc:2    | Noticed Sabo's ghost (journeyman GrMo)
 14804 | Orc:2    | Noticed a soul eater
 14805 | Orc:2    | Noticed a soul eater
 14881 | Orc:2    | Noticed an orc high priest
 14909 | Orc:2    | Noticed a soul eater
 15170 | Orc:1    | Killed an orc high priest
 15171 | Orc:1    | Reached XP level 13. HP: 81/99 MP: 25/25
 15268 | Orc:2    | Found a staircase to the Elven Halls.
 15505 | Orc:2    | Reached ** piety under Makhleb
 16292 | D:13     | Noticed a rakshasa
 16776 | D:13     | Got the Secrets of Confrontation
 17065 | D:14     | Noticed a rakshasa
 17101 | D:14     | Found a radiant altar of Vehumet.
 17122 | D:15     | Entered Level 15 of the Dungeon
 17286 | D:15     | Reached *** piety under Makhleb
 17560 | D:14     | Reached skill level 10 in Throwing
 17759 | D:11     | Noticed Maurice
 17770 | D:11     | Something stole an amulet of faith
 17782 | D:11     | Something stole a +1 long sword of electrocution
 17784 | D:11     | Killed Maurice
 18001 | D:10     | Killed from afar by a deep elf pyromancer

Illustrated notes

Levels and vault maps discovered:
D:1:      matt_arrival_refuge, layout_basic, serial_bayou_lake_a
D:2:      layout_basic, corexii_corridor_pit
D:3:      layout_rooms, minmay_overflow_temple_star_quad,
          grunt_temple_overflow_diamond
D:4:      layout_loops_cross, minmay_temple_entry_slanted, grunt_ministairs_5,
          minivault_25, kennysheep_generic_room_4
D:5:      layout_cave_pools, portal_sewer_entry_e
D:6:      layout_layer_cave, pdpol_temple_overflow_zin_treasury_gozag_greed,
          nicolae_yredelemnul_corpse_copse, uniq_blork_the_orc
D:7:      layout_loops_ring, uniq_maggie
D:8:      nicolae_hitomezashi [nicolae_hito_row, nicolae_hito_row,
          nicolae_hito_row, nicolae_hito_row, nicolae_hito_row,
          nicolae_hito_row, nicolae_hito_row, nicolae_hito_row,
          nicolae_hito_row, nicolae_hito_row, nicolae_hito_row,
          nicolae_hito_row, nicolae_hito_row, nicolae_hito_row,
          nicolae_hito_row, nicolae_hito_row, nicolae_hito_row,
          nicolae_hito_row], layout_basic, minmay_manual_mail
D:9:      layout_basic, special_room [special_room_bee], gammafunk_ghost_hive,
          uniq_jeremiah
D:10:     layout_stronghold, dilly_guarded_unrand_elemental_staff, uniq_urug
D:11:     layout_cave_pods, minmay_between, uniq_sonja, uniq_maurice
D:12:     hellmonk_destroyed_diamonds, layout_stronghold
D:13:     layout_basic, erik_vaults_1
D:14:     layout_basic, special_room [special_room_orc], vehumet_crystals
D:15:     gammafunk_enter_depths_forms, layout_loops_cross,
          nicolae_wu_jian_immortal_techniques
Temple:   cyrus_circular_temple
Orc:1:    layout_caves, nicolae_volcano_entry_lava_flow
Orc:2:    st_orc_rangers, layout_diamond_mine, gammafunk_ghost_necromancy,
          minmay_orc_temple_b

Skill      XL: |  1  2  3  4  5  6  7  8  9 10 11 12 13 |
---------------+----------------------------------------+-----
Invocations    | 1 2 3 4 5 6 7 8 9 |  9.6
Short Blades   | 1 2 3 4 5 6 7 8 |  8.8
Axes           | 1 2 3 4 5 6 7 8 |  8.8
Maces & Flails | 1 2 3 4 5 6 7 8 |  8.8
Polearms       | 1 2 3 4 5 6 7 8 |  8.8
Staves         | 1 2 3 4 5 6 7 8 |  8.8
Ranged Weapons | 1 2 3 4 5 6 7 8 |  8.8
Throwing       | 1 2 3 4 5 6 7 8 10 | 10.0
Stealth        | 1 2 3 4 5 6 7 8 |  8.8
Shields        | 1 2 3 4 5 6 7 8 |  8.8
Unarmed Combat | 1 2 3 4 5 6 7 8 |  8.8
Shapeshifting  | 1 2 3 4 5 6 7 8 |  8.0
Spellcasting   | 3 4 5 6 7 8 9 |  9.3
Conjurations   | 1 2 3 4 5 6 7 |  7.3
Hexes          | 1 2 3 4 5 6 7 |  7.3
Summonings     | 1 2 3 4 5 6 7 |  7.3
Necromancy     | 1 2 3 4 5 6 7 |  7.3
Translocations | 1 2 3 4 5 6 7 |  7.3
Fire Magic     | 1 2 3 4 5 6 7 |  7.3
Ice Magic      | 1 2 3 4 5 6 7 |  7.3
Air Magic      | 1 2 3 4 5 6 7 |  7.3
Earth Magic    | 1 2 3 4 5 6 7 |  7.3
Alchemy        | 1 2 3 4 5 6 7 |  7.3
Fighting       | 3 4 5 6 7 8 9 |  9.2
Dodging        | 3 4 5 6 7 8 9 |  9.2
Evocations     | 3 4 5 6 7 8 9 |  9.2
Long Blades    | 7 8 9 10 11 | 11.0
Armour         | 7 8 9 10 11 | 11.0

Action                     |  1- 3 |  4- 6 |  7- 9 | 10-12 | 13-15 || total
---------------------------+-------+-------+-------+-------+-------++-------
  Melee: Falchion          |   138 |   379 |    23 |       |       ||   540
         Bite              |     8 |    35 |    41 |   152 |    44 ||   280
         Punch             |     2 |     7 |    10 |    54 |    24 ||    97
         Long sword        |       |       |   309 |   561 |       ||   870
         Mace              |       |       |       |   439 |   273 ||   712
 Invoke: Heal Self         |       |       |     6 |    16 |       ||    22
  Evoke: Wand              |       |       |       |     1 |       ||     1
    Use: Potion            |       |     1 |       |     7 |     1 ||     9
         Scroll            |       |       |     3 |    11 |     3 ||    17
   Stab: Paralysed         |       |       |       |     9 |       ||     9
         Distracted        |       |       |       |       |     1 ||     1
 Armour: Scale mail        |   120 |   119 |       |       |       ||   239
         Chain mail        |       |   237 |   377 |  1018 |   354 ||  1986
         Skin              |       |     6 |       |    66 |       ||    72
  Dodge: Dodged            |    83 |   180 |   178 |   703 |   218 ||  1362
         Repelled          |       |       |     2 |    12 |    11 ||    25

Table legend: (Time is in decaauts)
 A = Elapsed time spent in this place.
 B = Non-inter-level travel time spent in this place.
 C = Inter-level travel time spent in this place.
 D = Time resting spent in this place.
 E = Time spent auto-exploring this place.
 F = Levels seen in this place.
 G = Mean time per level.
                   A        B        C        D        E       F      G
               +--------+--------+--------+--------+--------+-----+--------+
         Total |  18068 |  15717 |   2351 |   1503 |   9501 |  19 |  950.9 |
       Dungeon |  15748 |  13618 |   2130 |   1208 |   8400 |  15 | 1049.9 |
        Temple |     35 |      0 |     35 |      0 |      0 |   1 |   35.0 |
  Orcish Mines |   1996 |   1810 |    186 |    295 |    945 |   2 |  998.0 |
         Sewer |    287 |    287 |      0 |      0 |    155 |   1 |  287.0 |
               +--------+--------+--------+--------+--------+-----+--------+

Top non-repeatable levels by time:
    D:12: 1983 daAuts
     D:7: 1712 daAuts
    D:11: 1676 daAuts
    D:10: 1366 daAuts
     D:9: 1249 daAuts
     D:6: 1246 daAuts
   Orc:2: 1113 daAuts
     D:8: 1016 daAuts
     D:4: 937 daAuts
     D:2: 905 daAuts
     D:1: 883 daAuts
   Orc:1: 882 daAuts
     D:5: 737 daAuts
    D:13: 694 daAuts
     D:3: 598 daAuts
